 Dungeon Crawl Stone Soup version 0.29.1-12-g30fa7ad0bf (webtiles) character file.

Game seed: 1409166723945627159

4833 venomsnake the Geomancer (level 10, -4/64 HPs)
             Began as a Gargoyle Earth Elementalist on Dec 27, 2022.
             Slain by a troll (8 damage)
             ... on level 9 of the Dungeon.
             The game lasted 00:52:09 (13584 turns).

venomsnake the Geomancer (GrEE)                    Turns: 13584, Time: 00:52:10

Health: -4/64      AC: 12    Str: 12    XL:     10   Next: 49%
Magic:  1/16       EV: 11    Int: 20    God:
Gold:   516        SH:  0    Dex: 10    Spells: 13/17 levels left

rFire   . . .      SeeInvis .   B - +0 whip (flame)
rCold   . . .      Faith    .   (no shield)
rNeg    + . .      Spirit   .   a - +0 robe
rPois   ∞          Reflect  .   (no helmet)
rElec   +          Harm     .   y - +1 cloak
rCorr   .          Rampage  .   r - +0 pair of gloves
Will    .....                   (no boots)
Stlth   +++.......              (no amulet)
HPRegen 0.20/turn               (no ring)
MPRegen 0.15/turn               (no ring)

@: very slightly contaminated
A: sickness immunity, AC +7, negative energy resistance 1, electricity
resistance, torment resistance 1, petrification resistance
a: no special abilities


You were on level 9 of the Dungeon.
You visited 1 branch of the dungeon, and saw 9 of its levels.

You collected 516 gold pieces.

Inventory:

Hand Weapons
 B - a +0 whip of flaming (weapon)
Missiles
 C - a throwing net
Armour
 a - a +0 robe (worn)
 r - a +0 pair of gloves (worn)
 y - a +1 cloak (worn)
 E - a +0 buckler
Jewellery
 x - a ring of resist corrosion
Wands
 b - a wand of charming (2)
 w - a wand of flame (20)
Scrolls
 c - 2 scrolls of enchant weapon {unknown}
 d - 7 scrolls of teleportation
 f - 2 scrolls of enchant armour {unknown}
 g - a scroll of amnesia {unknown}
 k - a scroll of brand weapon {unknown}
 l - 3 scrolls of immolation {unknown}
 n - 4 scrolls of vulnerability
 o - 4 scrolls of butterflies
 p - a scroll of noise {unknown}
 q - 3 scrolls of magic mapping {unknown}
 s - 3 scrolls of blinking {unknown}
 t - a scroll of torment {unknown}
 A - 2 scrolls of summoning {unknown}
 F - 2 scrolls of fear {unknown}
 G - a scroll of poison {unknown}
Potions
 e - 3 potions of degeneration {unknown}
 h - 3 potions of heal wounds
 i - 4 potions of might
 j - 2 potions of brilliance {unknown}
 m - 2 potions of attraction {unknown}
 u - 3 potions of berserk rage {unknown}
 v - a potion of flight {unknown}
 z - a potion of lignification {unknown}
 D - a potion of ambrosia {unknown}
 H - a potion of resistance {unknown}
 I - a potion of mutation {unknown}
 J - a potion of curing {unknown}


   Skills:
 - Level 8.0 Fighting
 - Level 1.5 Dodging
 - Level 8.0 Stealth
 + Level 5.8 Shields
 - Level 4.0 Spellcasting
 - Level 8.0 Conjurations
 - Level 0.7 Transmutations
 - Level 8.0 Earth Magic


You had 13 spell levels left.
You knew the following spells:

 Your Spells              Type           Power      Damage    Failure   Level
a - Sandblast             Erth           72%        2d16      1%          1
b - Stone Arrow           Conj/Erth      72%        3d11      1%          3

Your spell library contained the following spells:

 Spells                   Type           Power      Damage    Failure   Level
 Magic Dart               Conj           100%       1d8       1%          1
 Searing Ray              Conj           72%        2d7       1%          2
 Passwall                 Tmut/Erth      17%        N/A       3%          2
 Scorch                   Fire           8%         2d5       19%         2
 Petrify                  Tmut/Erth      21%        N/A       22%         4
 Flame Wave               Conj/Fire      20%        2d7       24%         4
 Fulminant Prism          Conj/Hex       10%        3d9       24%         4
 Frozen Ramparts          Ice            8%         1d2       36%         3
 Inner Flame              Hex/Fire       4%         N/A       36%         3
 Ozocubu's Armour         Ice            4%         N/A       36%         3
 Ice Form                 Ice/Tmut       5%         N/A       73%         4
 Cause Fear               Hex            2%         N/A       77%         4
 Summon Ice Beast         Ice/Summ       4%         N/A       77%         4
 Metabolic Englaciation   Hex/Ice        2%         N/A       98%         5
 Simulacrum               Ice/Necr       2%         N/A       100%        6
 Summon Cactus Giant      Summ           2%         N/A       100%        6
 Discord                  Hex            2%         N/A       100%        8


Dungeon Overview and Level Annotations

Branches:
Dungeon (9/15)             Temple (0/1) D:7            Lair (0/5) D:8
    Orc: D:9-12

Altars:
Okawaru
Trog
Uskayaw

Shops:
D:2 =   D:7 :

Annotations:
D:2 1 runed translucent door, Crazy Yiuf


Innate Abilities, Weirdness & Mutations

You are immune to sickness and miasma.
Your stone body is resilient. (AC +7)
You are immune to poison.
You resist negative energy. (rN+)
You are resistant to electric shocks. (rElec)
You are resistant to unholy torment.
You are immune to petrification.


Message History

You are very lightly contaminated with residual magic.
Nothing appears to happen.
Casting: Stone Arrow (safe; 1% risk of failure)
Confirm with . or Enter, or press ? or * to list all spells.
Aiming: Stone Arrow (safe; 1% risk of failure)
Press: ? - help, Shift-Dir - straight line, f/p - troll
Aim: a troll (heavily wounded, 74% to hit)
The stone arrow misses the troll.
The troll bites you! The troll closely misses you.
The troll claws you but does no damage.
Casting: Stone Arrow (safe; 1% risk of failure)
Confirm with . or Enter, or press ? or * to list all spells.
Aiming: Stone Arrow (safe; 1% risk of failure)
Press: ? - help, Shift-Dir - straight line, f/p - troll
Aim: a troll (heavily wounded, 74% to hit)
The stone arrow hits the troll!!
The troll is almost dead.
The troll bites you!
The troll claws you but does no damage. x2
Casting: Stone Arrow (safe; 1% risk of failure)
Confirm with . or Enter, or press ? or * to list all spells.
Aiming: Stone Arrow (safe; 1% risk of failure)
Press: ? - help, Shift-Dir - straight line, f/p - troll
Aim: a troll (almost dead, 74% to hit)
The stone arrow misses the troll.
The troll bites you! The troll claws you. x2
Casting: Stone Arrow (safe; 1% risk of failure)
Confirm with . or Enter, or press ? or * to list all spells.
You don't have enough magic to cast this spell.
Unknown command.
Casting: Stone Arrow (safe; 1% risk of failure)
Confirm with . or Enter, or press ? or * to list all spells.
Aiming: Sandblast (safe; 1% risk of failure)
Press: ? - help, Shift-Dir - straight line, f/p - troll
Aim: a troll (almost dead, 84% to hit)
The blast of sand hits the troll.
The troll is almost dead.
The troll barely misses you. The troll claws you.
* * * LOW HITPOINT WARNING * * *
The troll claws you!
* * * LOW HITPOINT WARNING * * *
The troll misses you. The troll claws you!
You die...

## . . .# #. #######
## . #.####.....#...
. #...#$.........
########............
#..)....(......)....
#....@T.)...........
#...................
#.........[..?......
#####...............
#...............
............#####
.#....>.....#
###..........#


You could see a troll.

Vanquished Creatures
  Pikel (D:6)
  Maggie (D:6)
  Prince Ribbit (D:6)
  3 wyverns
  Eustachio (D:5)
  Duvessa (D:6)
  2 water moccasins
  A black bear (D:5)
  An orc warrior (D:7)
  An ice beast (D:6)
  A sky beast (D:8)
  3 ogres
  3 centaurs
  3 lemures (D:6)
  2 kobold brigands
  2 necrophages
  A bullfrog (D:7)
  2 gnoll sergeants
  A scorpion (D:6)
  5 wights (D:7)
  Dowan (D:6)
  A howler monkey (D:7)
  3 lava snakes (D:7)
  5 hounds
  3 jellies
  2 gnoll boudas (D:7)
  4 orc priests
  5 iguanas
  Jessica (D:2)
  5 orc wizards
  22 gnolls
  7 adders
  A shadow imp (D:5)
  2 ufetubi
  2 dart slugs
  46 orcs
  4 ball pythons
  8 endoplasms
  6 giant cockroaches
  7 goblins
  11 hobgoblins
  4 quokkas
  4 bats
  4 frilled lizards (D:3)
  6 kobolds
  6 rats
206 creatures vanquished.

Notes
Turn   | Place    | Note
-------+----------+-------------------------------------------
     0 | D:1      | venomsnake the Gargoyle Earth Elementalist began the quest
                  | for the Orb.
     0 | D:1      | Reached XP level 1. HP: 10/10 MP: 3/3
   387 | D:1      | Reached XP level 2. HP: 15/15 MP: 1/5
   486 | D:1      | Reached skill level 1 in Conjurations
  1005 | D:1      | Reached XP level 3. HP: 19/19 MP: 2/6
  1410 | D:2      | Found a runed translucent door.
  1411 | D:2      | Noticed Crazy Yiuf
  1588 | D:2      | Found Heden's Jewellery Shoppe.
  1705 | D:2      | Noticed Jessica
  1708 | D:2      | Killed Jessica
  1709 | D:2      | Reached XP level 4. HP: 8/24 MP: 5/8
  2756 | D:3      | Found a bloodstained altar of Trog.
  2864 | D:3      | Found a faded altar of an unknown god.
  2924 | D:3      | Reached XP level 5. HP: 26/28 MP: 3/9
  3493 | D:4      | Reached skill level 5 in Earth Magic
  3593 | D:4      | Noticed an ogre
  3683 | D:4      | Reached XP level 6. HP: 25/32 MP: 3/11
  4139 | D:3      | Learned a level 3 spell: Stone Arrow
  4589 | D:5      | Entered Level 5 of the Dungeon
  4708 | D:5      | Reached XP level 7. HP: 36/36 MP: 3/13
  4933 | D:5      | Noticed Eustachio
  4973 | D:5      | Killed Eustachio
  4974 | D:5      | Reached skill level 5 in Conjurations
  5581 | D:5      | Found an iron altar of Okawaru.
  5809 | D:5      | Reached XP level 8. HP: 41/41 MP: 10/14
  6118 | D:6      | Noticed Maggie
  6330 | D:6      | Killed Maggie
  6541 | D:6      | Reached skill level 1 in Fighting
  7342 | D:6      | Noticed Prince Ribbit
  7351 | D:6      | Killed Prince Ribbit
  7352 | D:6      | Reached skill level 5 in Fighting
  7352 | D:6      | Reached XP level 9. HP: 54/54 MP: 5/15
  7710 | D:6      | Noticed Pikel
  7937 | D:6      | Noticed Duvessa
  7939 | D:6      | Noticed Dowan
  7949 | D:6      | Killed Duvessa
  7951 | D:6      | Killed Dowan
  8195 | D:6      | Noticed a +0 hand axe
  8196 | D:6      | Noticed a +0 hand axe
  8266 | D:6      | Found a hide-covered altar of Uskayaw.
  8424 | D:6      | Killed Pikel
  9051 | D:7      | Reached skill level 5 in Stealth
  9608 | D:7      | Found Yqasetwe's Tremendous Tomes.
  9671 | D:7      | Found a staircase to the Ecumenical Temple.
 10014 | D:7      | Reached XP level 10. HP: 64/64 MP: 12/16
 10314 | D:7      | Reached skill level 1 in Shields
 11550 | D:8      | Found a staircase to the Lair.
 12042 | D:8      | Identified the +1 ring mail of Wimpun {+Blink Str+2 Int-3
                  | Dex+3}
 12098 | D:8      | Reached skill level 5 in Shields
 12395 | D:9      | Noticed a two-headed ogre
 12395 | D:9      | Noticed a two-headed ogre
 13584 | D:9      | Slain by a troll

Illustrated notes

Levels and vault maps discovered:
D:1:      saegor_arrival_simple_d, layout_basic
D:2:      layout_loops_ring, serial_forest, infiniplex_forest_straight_4,
          infiniplex_forest_lined_corner, infiniplex_forest_clump_tiny,
          infiniplex_forest_diagonal, infiniplex_forest_straight_4,
          infiniplex_forest_lined_room_2, serial_shops, shop, uniq_jessica,
          uniq_crazy_yiuf_cottage
D:3:      layout_loops_ring, mainiacjoe_overflow_alcove_1,
          shapermc_ecumenical_altar_venn
D:4:      layout_gridville
D:5:      layout_loops_ring, okawaru_altar_gauntlet_db,
          nicolae_kite_square_tiling_tiny, grunt_ministairs_1, uniq_eustachio
D:6:      layout_basic, dancing_weapons_uskayaw, uniq_prince_ribbit1,
          uniq_maggie, uniq_duvessa, uniq_pikel
D:7:      layout_rooms, minmay_temple_entry_from_below_a,
          kennysheep_minor_cross, nicolae_shop_i_like_big_books
D:8:      layout_loops_ring, lair_entry_dummy
D:9:      layout_rooms, orc_david_3, st_stairs_11, nicolae_looking_at_the_future

Skill      XL: |  1  2  3  4  5  6  7  8  9 10 |
---------------+-------------------------------+-----
Conjurations   | 1 2 3 4 5 8 |  8.0
Earth Magic    | 4 5 6 7 8 |  8.0
Spellcasting   | 3 4 |  4.0
Fighting       | 5 8 |  8.0
Stealth        | 6 8 |  8.0
Shields        | 5 |  5.8
Dodging        | |  1.5
Transmutations | |  0.7

Action                   |  1- 3 |  4- 6 |  7- 9 | 10-12 || total
-------------------------+-------+-------+-------+-------++-------
Melee: Whip              |       |       |       |     1 ||     1
 Cast: Sandblast         |    47 |    82 |    30 |     4 ||   163
       Stone Arrow       |       |     5 |   123 |    92 ||   220
  Use: Scroll            |       |     5 |       |       ||     5
       Potion            |       |       |     1 |       ||     1
Armor: Robe              |    11 |    13 |    45 |    11 ||    80
Dodge: Dodged            |    16 |    19 |    57 |    14 ||   106
